 Dungeon Crawl Stone Soup version 0.19-a0-1886-gd64a0f0 (webtiles) character file.

6692 dvd the Tainter (level 11, -7/57 HPs)
             Began as an Octopode Venom Mage on Oct 16, 2016.
             Was a High Priest of Vehumet.
             Mangled by a vampire (14 damage)
             ... on level 9 of the Dungeon.
             The game lasted 00:44:32 (10740 turns).

dvd the Tainter (Octopode Venom Mage)              Turns: 10740, Time: 00:44:32

Health: -7/57      AC:  1    Str:  9    XL:     11   Next: 3%
Magic:  23/23      EV: 14    Int: 21    God:    Vehumet [*****.]
Gold:   388        SH:  2    Dex: 13    Spells: 8 memorised, 7 levels left

rFire  . . .     SeeInvis .     q - +2 falchion (holy)
rCold  . . .     Gourm    .     (no shield)
rNeg   . . .     Faith    .     (helmet restricted)
rPois  .         Spirit   .     m - +2 amulet of reflection (curse)
rElec  .         Dismiss  .     (no ring)
rCorr  .         Reflect  +     (no ring)
MR     .....     Harm     .     (no ring)
Stlth  +++++.....               (no ring)
                                (no ring)
                                (no ring)
                                (no ring)
                                (no ring)

@: no status effects
A: almost no armour, stealthy swim, amphibious, 8 rings, constrict 8, antennae
1, camouflage 1, frail 1, strong 1, gelatinous body 1
a: Renounce Religion


You were on level 9 of the Dungeon.
You worshipped Vehumet.
Vehumet was extremely pleased with you.
You were not hungry.

You visited 2 branches of the dungeon, and saw 10 of its levels.

You collected 388 gold pieces.

Inventory:

Hand Weapons
 a - a +0 rapier of protection
 e - a +1 short sword
 g - a +2 mace of draining
 q - a +2 falchion of holy wrath (weapon)
 r - a +1 dagger of electrocution
 B - a +1 whip of freezing
Magical Staves
 u - an uncursed staff of summoning
 A - an uncursed staff of power
Jewellery
 m - a cursed +2 amulet of reflection (around mantle)
Wands
 p - a wand of lightning (7/15)
 t - a wand of polymorph (14/24)
 v - a wand of polymorph (14/24)
 x - a wand of disintegration (11/24)
 C - a wand of flame (20/48)
Scrolls
 f - 5 scrolls of identify
 j - 2 scrolls of remove curse
 k - a scroll of enchant weapon
 n - a scroll of fear
 s - a scroll of noise {unknown}
 y - a scroll of enchant armour
Potions
 c - 2 potions of resistance
 w - a potion of flight
 E - a potion of cancellation
Books
 h - a Young Poisoner's Handbook

   Spells                             Type                      Level
   a - Sting                          Conjuration/Poison           1
   b - Mephitic Cloud                 Conjuration/Poison/Air       3
   c - Olgreb's Toxic Radiance        Poison                       4
   d - Alistair's Intoxication        Transmutation/Poison         5
   e - Venom Bolt                     Conjuration/Poison           5
Comestibles
 b - 8 bread rations
 d - 8 meat rations
 l - 13 fruits
 z - 9 chunks of flesh


   Skills:
 + Level 2.2 Fighting
 + Level 3.3 Short Blades
 + Level 0.4(2.0) Long Blades
 + Level 3.6 Dodging
 + Level 7.6 Stealth
 + Level 8.5 Spellcasting
 * Level 4.7 Conjurations
 + Level 2.8 Fire Magic
 + Level 0.4 Earth Magic
 + Level 12.5 Poison Magic
 + Level 0.4 Evocations


You had 7 spell levels left.
You knew the following spells:

 Your Spells              Type           Power        Failure   Level  Hunger
a - Sting                 Conj/Pois      ####         1%          1    None
b - Magic Dart            Conj           ####         1%          1    None
c - Olgreb's Toxic Radia  Pois           ######..     1%          4    ###....
d - Flame Tongue          Conj/Fire      ###..        1%          1    None
e - Throw Flame           Conj/Fire      ###...       1%          2    None
f - Venom Bolt            Conj/Pois      #####.....   2%          5    #####..
g - Stone Arrow           Conj/Erth      ###...       2%          3    None
h - Static Discharge      Conj/Air       ###.....     2%          3    None


Dungeon Overview and Level Annotations

Branches:
Dungeon (9/15)             Temple (1/1) D:7            Lair (0/6) D:8
    Orc: D:9-12

Altars:
Ashenzari
Cheibriados
Dithmenos
Elyvilon
Fedhas
Gozag
Hepliaklqana
Kikubaaqudgha
Makhleb
Nemelex Xobeh
Okawaru
Qazlal
Ru
Sif Muna
Trog
Uskayaw
Vehumet
Xom
Yredelemnul
Zin
The Shining One
Jiyva


Innate Abilities, Weirdness & Mutations

You cannot wear most types of armour.
You are very stealthy in the water. (Stealth+)
You are amphibious.
You can wear up to eight rings at the same time.
You can use your tentacles to constrict eight enemies at once.
Your skin changes colour to match your surroundings (Stealth+).
Your rubbery body absorbs attacks. (AC +1, EV +1)
You have a pair of small antennae on your head.
You are frail. (-10% HP)
Your muscles are strong. (Str +2)


Message History

You miss something. Your squeeze misses something. Something hits you.
* * * LOW HITPOINT WARNING * * *
You block something's attack.
Unknown command.
Evoke which item? (* to show all) (? for menu, Esc to quit)
Zapping:
p - a wand of lightning (9/15)
Press: ? - help, Shift-Dir - straight line You hear a mighty clap of thunder!
The bolt of lightning hits something.
This wand has 8 charges left.
You hear an angry hiss.
You hear a shout!
Something barely misses you. Something bites you!
* * * LOW HITPOINT WARNING * * *
Something draws strength from your injuries!
Unknown command.
Evoke which item? (* to show all) (? for menu, Esc to quit)
Zapping:
p - a wand of lightning (8/15)
Press: ? - help, Shift-Dir - straight line You hear a mighty clap of thunder!
This wand has 7 charges left.
Something hits you!
You die...

############### #########
##.......#.....####.......#
.........................#
##.......#.....###........#
....#...........@{.)......#######
.#..#.#.....####.....#...........
...............#.....#.......####
##.###..†....#.#.....#.).....#
.............#.#.....#.......#
...###.......#.#.....##......####
.......#.......#.#.####......'...
...###.#.#....##.#.# #......####
.......#......'..#.####.##.......


There were no monsters in sight!

Vanquished Creatures
  Pikel (D:7)
  A manticore (D:7)
  2 trolls
  A hippogriff (D:9)
  A hungry ghost (D:7)
  Menkaure (D:3)
  A water moccasin (D:8)
  Duvessa (D:6)
  3 ice beasts
  A phantom (D:4)
  2 sky beasts
  3 slaves (D:7)
  3 black bears
  4 orc warriors
  4 ogres
  2 necrophages (D:9)
  3 centaurs
  7 bullfrogs
  Dowan (D:6)
  4 scorpions
  8 killer bees
  3 wights (D:7)
  2 howler monkeys
  3 crimson imps
  3 electric eels (D:8)
  8 hounds
  A quasit (D:5)
  2 centaur skeletons
  2 jellies
  3 orc priests
  Jessica (D:3)
  4 iguanas
  8 worker ants
  8 orc wizards
  A killer bee zombie (D:8)
  A hound skeleton (D:7)
  A hound zombie (D:8)
  8 gnolls
  10 adders
  A shadow imp (D:6)
  3 oozes
  An adder skeleton (D:4)
  An adder zombie (D:9)
  2 worms
  A dart slug (D:3)
  7 leopard geckos
  43 orcs
  9 bats
  7 giant cockroaches
  5 goblins
  4 hobgoblins
  10 jackals
  6 quokkas
  2 ball pythons
  4 frilled lizards
  7 kobolds
  A quokka skeleton (D:9)
  14 rats
251 creatures vanquished.

Vanquished Creatures (others)
  A slave (D:7)
1 creature vanquished.

Grand Total: 252 creatures vanquished

Notes
Turn   | Place    | Note
-------+----------+-------------------------------------------
     0 | D:1      | dvd the Octopode Venom Mage began the quest for the Orb.
     0 | D:1      | Reached XP level 1. HP: 11/11 MP: 3/3
     1 | D:1      | Found a runed door.
    81 | D:1      | Reached skill level 5 in Poison Magic
   254 | D:1      | Reached XP level 2. HP: 14/17 MP: 0/5
  1209 | D:2      | Found a blossoming altar of Fedhas.
  1418 | D:2      | Reached XP level 3. HP: 22/22 MP: 6/6
  1445 | D:2      | Found an iron altar of Okawaru.
  1579 | D:2      | Found an ancient bone altar of Kikubaaqudgha.
  1579 | D:2      | Found a deep blue altar of Sif Muna.
  1581 | D:2      | Found a radiant altar of Vehumet.
  1585 | D:2      | Identified Vehumet's Tome of Attacks
  1613 | D:2      | Became a worshipper of Vehumet
  1675 | D:2      | Learned a level 1 spell: Magic Dart
  1735 | D:3      | Found a sparkling altar of Nemelex Xobeh.
  1735 | D:3      | Noticed Jessica
  2267 | D:3      | Killed Jessica
  2267 | D:3      | Reached skill level 1 in Short Blades
  2267 | D:3      | Reached XP level 4. HP: 25/27 MP: 1/7
  2275 | D:3      | Learned a level 4 spell: Olgreb's Toxic Radiance
  2379 | D:3      | Reached skill level 1 in Conjurations
  2379 | D:3      | Reached XP level 5. HP: 32/32 MP: 2/8
  2527 | D:3      | Reached skill level 5 in Stealth
  2822 | D:4      | Reached * piety under Vehumet
  2822 | D:4      | Offered knowledge of Flame Tongue by Vehumet.
  2828 | D:4      | Learned a level 1 spell: Flame Tongue
  2841 | D:4      | Found a shadowy altar of Dithmenos.
  2850 | D:4      | Noticed a phantom
  3079 | D:4      | Found an opulent altar of Gozag.
  3098 | D:4      | Reached XP level 6. HP: 25/37 MP: 5/10
  3320 | D:4      | Noticed Menkaure
  3523 | D:3      | Killed Menkaure
  3523 | D:3      | Reached skill level 1 in Fighting
  3523 | D:3      | Reached skill level 6 in Poison Magic
  4233 | D:4      | Killed a phantom
  4233 | D:4      | Reached skill level 1 in Fire Magic
  4233 | D:4      | Reached XP level 7. HP: 22/43 MP: 7/12
  4634 | D:5      | Entered Level 5 of the Dungeon
  4640 | D:5      | Reached skill level 7 in Poison Magic
  4820 | D:5      | Offered knowledge of Throw Flame by Vehumet.
  4823 | D:5      | Reached ** piety under Vehumet
  4849 | D:5      | Learned a level 2 spell: Throw Flame
  4946 | D:5      | Reached XP level 8. HP: 48/48 MP: 4/14
  5084 | D:5      | Reached skill level 8 in Poison Magic
  6016 | D:6      | Reached skill level 9 in Poison Magic
  6049 | D:6      | Reached skill level 5 in Spellcasting
  6184 | D:6      | Found a bloodstained altar of Trog.
  6238 | D:6      | Reached XP level 9. HP: 29/53 MP: 3/17
  6315 | D:6      | Offered knowledge of Inner Flame by Vehumet.
  6318 | D:6      | Noticed Duvessa
  6329 | D:6      | Noticed Dowan
  6332 | D:6      | Killed Duvessa
  6358 | D:6      | Killed Dowan
  6554 | D:6      | Reached *** piety under Vehumet
  6555 | D:6      | Reached skill level 10 in Poison Magic
  6997 | D:2      | Offered knowledge of Stone Arrow by Vehumet.
  7007 | D:2      | Learned a level 5 spell: Venom Bolt
  7011 | D:2      | Learned a level 3 spell: Stone Arrow
  7946 | D:7      | Found a white marble altar of Elyvilon.
  8003 | D:7      | Found a basalt altar of Yredelemnul.
  8064 | D:7      | Found a staircase to the Ecumenical Temple.
  8069 | Temple   | Entered the Ecumenical Temple
  8277 | D:7      | Noticed a manticore
  8285 | D:7      | Killed a manticore
  8285 | D:7      | Reached skill level 11 in Poison Magic
  8285 | D:7      | Reached XP level 10. HP: 25/60 MP: 2/20
  8558 | D:7      | Found a stormy altar of Qazlal.
  8563 | D:7      | Found a hide-covered altar of Uskayaw.
  8567 | D:7      | Found a blossoming altar of Fedhas.
  8606 | D:7      | Reached **** piety under Vehumet
  8875 | D:7      | Noticed Pikel
  8888 | D:7      | Killed Pikel
  8967 | D:7      | Offered knowledge of Static Discharge by Vehumet.
  9188 | D:7      | Learned a level 3 spell: Static Discharge
  9353 | D:8      | Reached skill level 12 in Poison Magic
 10017 | D:8      | Found a staircase to the Lair.
 10339 | D:9      | Reached ***** piety under Vehumet
 10339 | D:9      | Offered knowledge of Bolt of Cold by Vehumet.
 10527 | D:9      | Reached XP level 11. HP: 48/64 MP: 2/23
 10674 | D:9      | Gained mutation: Your muscles are strong. (Str +2) [potion of mutation]
 10674 | D:9      | Gained mutation: You are frail. (-10% HP) [potion of mutation]
 10674 | D:9      | Gained mutation: You have a pair of small antennae on your head. [potion of mutation]
 10740 | D:9      | Mangled by a vampire

Vault maps used:
D:1:      dpeg_arrival_caged_fury, minivault_24
D:2:      grunt_temple_overflow_magic_moments, okawaru_metal_pillars_1_2,
          first_bread, hangedman_decor_growths, fedhas_altar_1
D:3:      nemelex_lonely_heart_becter
D:4:      overflow_temple_1_default, nicolae_dithmenos_shadow_blocks,
          uniq_menkaure
D:5:      kennysheep_doodads
D:6:      trog_ov_bears_minmay, lightli_orcish_oven, uniq_duvessa
D:7:      kennysheep_ying_yang, minitemple, uniq_pikel
D:8:      erik_lair_island, lemuel_another_geyser
D:9:      minmay_goldmine
Temple:   pf_slime_end_temple

Skill      XL: |  1  2  3  4  5  6  7  8  9 10 |
---------------+-------------------------------+-----
Poison Magic   | 5 6 7 9 11 12 | 12.5
Stealth        | 3 4 5 6 7 |  7.6
Short Blades   | 1 2 3 |  3.3
Conjurations   | 1 2 3 4 |  4.7
Fighting       | 1 2 |  2.2
Spellcasting   | 3 4 5 6 8 |  8.5
Fire Magic     | 1 2 |  2.8
Dodging        | 3 |  3.6
Long Blades    | |  0.4
Earth Magic    | |  0.4
Evocations     | |  0.4

Action                   |  1- 3 |  4- 6 |  7- 9 | 10-12 || total
-------------------------+-------+-------+-------+-------++-------
Melee: Unarmed           |     5 |       |       |       ||     5
       Constrict         |     8 |    10 |    18 |    12 ||    48
       Short sword       |    17 |       |       |       ||    17
       Tentacles         |     4 |     5 |    10 |    11 ||    30
       Dagger            |    13 |    40 |    37 |       ||    90
       Falchion          |       |    17 |       |     4 ||    21
       Rapier            |       |       |    52 |    56 ||   108
 Cast: Sting             |    42 |    40 |    51 |    11 ||   144
       Magic Dart        |       |    19 |     1 |       ||    20
       Flame Tongue      |       |    13 |    10 |    37 ||    60
       Olgreb's Toxic Ra |       |     4 |    46 |    37 ||    87
       Throw Flame       |       |       |     9 |    15 ||    24
       Venom Bolt        |       |       |     2 |     5 ||     7
       Stone Arrow       |       |       |       |     7 ||     7
       Static Discharge  |       |       |       |     3 ||     3
Evoke: Wand              |       |       |       |     5 ||     5
  Use: Scroll            |     4 |     3 |     1 |     5 ||    13
       Potion            |       |     2 |     7 |     5 ||    14
 Stab: Sleeping          |    12 |     7 |     9 |     4 ||    32
  Eat: Chunk             |     5 |     6 |    19 |    14 ||    44
       Pizza             |       |       |     1 |       ||     1
Armor: Skin              |     5 |     7 |    15 |     9 ||    36
Dodge: Dodged            |    29 |    33 |    56 |    74 ||   192
Block: Other             |       |       |     3 |     8 ||    11
       Rpst.: Falchion   |       |     3 |       |       ||     3
